[Event "Titled Tuesday Blitz January 31 Early 2023"]
[White "EREBUNI91"]
[Black "Ambartsumova, Karina"]
[BlackFideId "4166299"]
[WhiteElo "2542"]
[BlackElo "2393"]
[Result "1-0"]
[Round "08"]
[TimeControl "180+2"]
[Date "2023.01.31"]
[WhiteClock "0:01:14"]
[BlackClock "0:00:01"]

1. e4 e5 2. Nf3 Nc6 3. Bb5 a6 4. Ba4 Nf6 5. O-O Be7 6. Bxc6 dxc6 7. d3 Bg4 8. h3 h5 9. hxg4 hxg4 10. Nxe5 Bd6 11. Bf4 Nh5 12. Qxg4 Nxf4 13. Qxf4 f6 14. d4 Qe7 15. g3 fxe5 16. Qg4 exd4 17. Nd2 Qd7 18. Qg6+ Qf7 19. Qxf7+ Kxf7 20. f4 Rad8 21. Kg2 d3 22. cxd3 Bb4 23. Nc4 Bc5 24. Rac1 Bd4 25. Rc2 c5 26. b3 b6 27. Nd2 Be3 28. Nf3 Bd4 29. g4 Rd7 30. Rc4 Rhd8 31. g5 Ke7 32. Rh1 Bb2 33. Rc2 Bd4 34. f5 a5 35. Rh7 Kf7 36. Nxd4 Rxd4 37. f6 Rxd3 38. Rxg7+ Ke6 39. Re7+ Kd6 40. g6 Rg8 41. g7 1-0


[Site "https://www.chess.com"]

[Event "Titled Tuesday Blitz January 31 Early 2023"]
[White "Mammadzada, Gunay"]
[Black "Bruned, Yvain"]
[WhiteFideId "13403729"]
[BlackFideId "2250292"]
[WhiteElo "2449"]
[BlackElo "2286"]
[Result "0-1"]
[Round "08"]
[TimeControl "180+2"]
[Date "2023.01.31"]
[WhiteClock "0:00:02"]
[BlackClock "0:00:06"]

1. e4 b6 2. d4 Bb7 3. Bd3 e6 4. c4 Bb4+ 5. Bd2 Bxd2+ 6. Qxd2 d6 7. Nc3 Nd7 8. Nge2 e5 9. O-O Ngf6 10. f4 O-O 11. fxe5 dxe5 12. d5 a5 13. Ng3 Nc5 14. Bc2 Bc8 15. b3 Qe7 16. h3 Bd7 17. Rf2 Ne8 18. Raf1 f6 19. Nd1 Nd6 20. Ne3 Qe8 21. Nef5 Bxf5 22. exf5 Qe7 23. a3 Na6 24. Bd3 Nb7 25. Qc1 Nac5 26. Bc2 Na6 27. Re1 Kh8 28. Re4 Nbc5 29. Rh4 Rad8 30. Nh5 Nb7 31. Rf3 Nd6 32. Rg3 Rg8 33. Rg6 Nf7 34. Ng3 Nh6 35. Kh1 Nc5 36. Kh2 Nb7 37. Qe3 Nd6 38. b4 axb4 39. axb4 Ndf7 40. c5 bxc5 41. bxc5 Rxd5 42. Bb3 Qxc5 43. Qf3 Rd7 44. Bxf7 Rxf7 45. Rgxh6 gxh6 46. Rxh6 Qf8 47. Rh5 Rfg7 0-1


[Site "https://www.chess.com"]

[Event "Titled Tuesday Blitz January 31 Early 2023"]
[White "Al-Tarboush, Ward"]
[Black "Khamdamova, Afruza"]
[WhiteFideId "7601450"]
[BlackFideId "14210444"]
[WhiteElo "2256"]
[BlackElo "2162"]
[Result "0-1"]
[Round "08"]
[TimeControl "180+2"]
[Date "2023.01.31"]
[WhiteClock "0:01:21"]
[BlackClock "0:00:21"]

1. e4 e5 2. Nf3 Nf6 3. d4 Nxe4 4. Bd3 d5 5. Nxe5 Nd7 6. Nxd7 Bxd7 7. Nc3 Nxc3 8. bxc3 Bd6 9. O-O O-O 10. Qh5 f5 11. Bg5 Qe8 12. Qh4 Qf7 13. Rfe1 Rae8 14. h3 h6 15. Bf4 g5 16. Bxg5 hxg5 17. Qxg5+ Qg7 18. Qh5 f4 19. c4 f3 20. g4 Be6 21. Rxe6 Rxe6 22. Qxd5 Qf7 23. Qg5+ Kh8 24. Qh4+ Kg8 25. Qg5+ Qg7 26. Qd5 Re8 27. Bf5 Qf7 28. Bxe6 Rxe6 29. Qg5+ Kf8 30. c5 Bf4 31. Qd8+ Qe8 32. Qxe8+ Kxe8 33. Rd1 Re2 34. c3 Rxa2 35. h4 Rd2 36. Rb1 a5 37. g5 Kf7 38. Kf1 a4 39. Ke1 a3 40. d5 a2 41. Ra1 Rb2 0-1


[Site "https://www.chess.com"]

[Event "Titled Tuesday Blitz January 31 Early 2023"]
[White "Myshakov, Fyodor"]
[Black "Shapiro, Viktor"]
[WhiteFideId "14111284"]
[BlackFideId "4175700"]
[WhiteElo "2292"]
[BlackElo "2192"]
[Result "0-1"]
[Round "08"]
[TimeControl "180+2"]
[Date "2023.01.31"]
[WhiteClock "0:00:14"]
[BlackClock "0:01:04"]

1. c4 Nf6 2. Nc3 c5 3. Nf3 Nc6 4. g3 d6 5. Bg2 g6 6. O-O Bg7 7. d4 Bd7 8. d5 Na5 9. Nd2 a6 10. e4 O-O 11. Re1 b5 12. cxb5 axb5 13. e5 Ne8 14. e6 Bc8 15. Nxb5 Rb8 16. a4 fxe6 17. dxe6 Bb7 18. Ne4 Nc7 19. Ng5 Bxg2 20. Kxg2 Nxb5 21. axb5 Rxb5 22. Qe2 Qb8 23. Qe4 Rb4 24. Qd3 Qb7+ 25. Kg1 Nb3 26. Ra2 Nxc1 27. Rxc1 Rxb2 28. Rxb2 Qxb2 29. Rf1 h6 30. Nh3 g5 31. Kg2 Qf6 32. Qe4 Qf5 33. Qe2 Be5 34. Rd1 Qxe6 35. f4 gxf4 36. Nxf4 Qf7 37. Qg4+ Kh7 38. Rf1 Qf5 39. Qe2 Bxf4 40. Rxf4 Qd5+ 41. Kh3 Rxf4 42. gxf4 Qf5+ 43. Kg3 e5 44. Qb5 Qxf4+ 45. Kg2 e4 46. Qd7+ Kg6 47. Qe6+ Kg5 48. Qe7+ Kf5 49. Qf8+ Ke5 50. Qe7+ Kd5 51. Qb7+ Kc4 52. Qa6+ Kd4 53. Qa1+ Kd5 54. Qa2+ Ke5 55. Qb2+ Kf5 56. Qb8 Qf3+ 57. Kg1 Qe3+ 58. Kg2 Qd2+ 59. Kg1 e3 60. Qf8+ Ke4 61. Qe7+ Kd5 62. Qf7+ Kd4 63. Qf6+ Kc4 64. Qf7+ Kc3 65. Qf6+ Qd4 0-1


[Site "https://www.chess.com"]

[Event "Titled Tuesday Blitz January 31 Early 2023"]
[White "Fiorito, Francisco"]
[Black "Valle Maytin, Luis Enrique"]
[WhiteFideId "180165"]
[BlackFideId "3503666"]
[WhiteElo "2305"]
[BlackElo "2241"]
[Result "1-0"]
[Round "08"]
[TimeControl "180+2"]
[Date "2023.01.31"]
[WhiteClock "0:00:29"]
[BlackClock "0:00:02"]

1. c4 c5 2. Nf3 Nc6 3. Nc3 g6 4. d4 cxd4 5. Nxd4 Bg7 6. Nxc6 bxc6 7. g3 Nf6 8. Bg2 O-O 9. O-O Rb8 10. b3 e6 11. Bf4 Ra8 12. Bd6 Re8 13. Rc1 Ba6 14. Na4 Qa5 15. Nc5 Rec8 16. b4 Qb6 17. Be5 d5 18. Qd4 Ne8 19. cxd5 cxd5 20. Bxg7 Nxg7 21. Rfe1 Bc4 22. Rxc4 dxc4 23. Bxa8 Qxb4 24. Nd3 Qd2 25. Qb2 Qxb2 26. Nxb2 c3 27. Rc1 Ne8 28. Be4 1-0


[Site "https://www.chess.com"]

[Event "Titled Tuesday Blitz January 31 Early 2023"]
[White "Delorme, Axel"]
[Black "Berezin, Viktor"]
[WhiteFideId "632023"]
[BlackFideId "14107872"]
[WhiteElo "2483"]
[BlackElo "2307"]
[Result "1-0"]
[Round "08"]
[TimeControl "180+2"]
[Date "2023.01.31"]
[WhiteClock "0:00:06"]
[BlackClock "0:00:04"]

1. e4 g6 2. d4 Bg7 3. Nc3 d6 4. Be3 Nf6 5. Qd2 c6 6. Bh6 O-O 7. h4 e5 8. Nge2 Nbd7 9. O-O-O b5 10. f3 Qa5 11. Bxg7 Kxg7 12. h5 b4 13. hxg6 fxg6 14. Nb1 Nb6 15. Ng3 Qxa2 16. Qxb4 exd4 17. Qxd6 Be6 18. Qa3 Qxa3 19. Nxa3 c5 20. Ba6 Rfd8 21. Ne2 Ne8 22. Nf4 Bf7 23. Rhe1 Nc7 24. Bf1 c4 25. Ne2 Ne6 26. Nb5 d3 27. cxd3 cxd3 28. Nec3 a6 29. Na3 Nc5 30. Re3 Rac8 31. Bxd3 Nb3+ 32. Kb1 Nd4 33. Bf1 Bb3 34. Rc1 Rb8 35. Ne2 Ne6 36. Rxb3 Rd2 37. Rc6 Na4 38. Rxb8 Rd1+ 39. Ka2 Rd2 40. Rb7+ Kf6 41. Nf4 Kg5 42. Rxe6 Kxf4 43. Rf6+ Ke3 44. Rc6 Kf2 45. Bxa6 Kxg2 46. Rb4 h5 47. Rxa4 h4 48. Rac4 Kxf3 49. Rc2 h3 50. R6c3+ Kxe4 51. Rxd2 h2 52. Rxh2 1-0


[Site "https://www.chess.com"]

[Event "Titled Tuesday Blitz January 31 Early 2023"]
[White "Borrmann, Laurenz"]
[Black "Seresin, Francesco"]
[WhiteFideId "312187930"]
[BlackFideId "886335"]
[WhiteElo "2304"]
[BlackElo "2348"]
[Result "1-0"]
[Round "08"]
[TimeControl "180+2"]
[Date "2023.01.31"]
[WhiteClock "0:00:04"]
[BlackClock "0:00:08"]

1. e4 c6 2. d4 d5 3. e5 c5 4. Nf3 cxd4 5. Nxd4 Nc6 6. Nxc6 bxc6 7. Bd3 h5 8. Nd2 Qc7 9. Qe2 Nh6 10. Qxh5 Bg4 11. Qg5 e6 12. h3 Bf5 13. Bxf5 Nxf5 14. Nf3 Rb8 15. O-O Be7 16. Qd2 Nh4 17. Nxh4 Rxh4 18. Re1 Rh5 19. Qe2 g6 20. b3 Rb4 21. Bb2 Bc5 22. c4 Rf5 23. Rf1 Rb8 24. cxd5 cxd5 25. Rac1 Qb6 26. g3 Kf8 27. Kg2 Kg8 28. Rc2 Bd4 29. Bxd4 Qxd4 30. Re1 a5 31. Qe3 Qb4 32. Rec1 g5 33. Rc8+ Rxc8 34. Rxc8+ Kg7 35. f4 gxf4 36. gxf4 Qe4+ 37. Qxe4 dxe4 38. Kg3 e3 39. Rc3 e2 40. Re3 Rh5 41. Rxe2 Rh8 42. Re4 Rc8 43. Ra4 Rc3+ 44. Kg4 Rc5 45. h4 Kg6 46. a3 Kh6 47. b4 axb4 48. Rxb4 Rc3 49. a4 Ra3 50. Rc4 Kg6 51. h5+ Kh6 52. Rb4 Ra2 53. Rb7 Rg2+ 54. Kf3 Ra2 55. Rxf7 Kxh5 56. Rf6 Ra3+ 57. Kf2 Ra2+ 58. Ke3 Ra3+ 59. Ke2 Ra2+ 60. Ke1 Rxa4 61. Ke2 Kg4 62. Ke3 Ra3+ 63. Kd4 Ra4+ 64. Kc5 Rxf4 65. Rxe6 Kf5 66. Re8 Re4 67. Kd5 Re1 68. Rf8+ Kg6 69. e6 Kg7 70. Rf2 Rd1+ 71. Kc6 Rd2 72. Rxd2 Kf6 73. Re2 Ke7 74. Kd5 1-0


[Site "https://www.chess.com"]

[Event "Titled Tuesday Blitz January 31 Early 2023"]
[White "Devaev, Alexander"]
[Black "Derjabin, Ilja"]
[WhiteFideId "4169395"]
[BlackFideId "14104768"]
[WhiteElo "2325"]
[BlackElo "2333"]
[Result "1-0"]
[Round "08"]
[TimeControl "180+2"]
[Date "2023.01.31"]
[WhiteClock "0:00:52"]
[BlackClock "0:00:03"]

1. Nf3 c5 2. Ng1 Nc6 3. Nf3 e5 4. c4 d6 5. Nc3 Nge7 6. e3 g6 7. d4 cxd4 8. exd4 exd4 9. Nxd4 Bg7 10. Be3 O-O 11. Be2 Nf5 12. Nxf5 Bxf5 13. O-O Re8 14. Qd2 Ne5 15. h3 Rc8 16. b3 Qa5 17. Rac1 Rcd8 18. Rfd1 Kh8 19. Nb5 Qxd2 20. Rxd2 Bf8 21. Rcd1 a6 22. Nc7 Re7 23. Nd5 Red7 24. Bb6 Re8 25. Nf6 Ree7 26. Nxd7 Rxd7 27. Bd4 Bg7 28. f4 Nc6 29. Bxg7+ Kxg7 30. Rxd6 Re7 31. Bf3 Nb4 32. g4 Bc2 33. R1d2 Bb1 34. Rd7 Re3 35. Kf2 Rc3 36. Bxb7 Bxa2 37. Bd5 Nxd5 38. cxd5 Bxb3 39. d6 Be6 40. Rc7 Rxh3 41. d7 Rh2+ 42. Ke3 Rh3+ 43. Ke4 Bxd7 44. Rdxd7 Kh6 1-0


[Site "https://www.chess.com"]

[Event "Titled Tuesday Blitz January 31 Early 2023"]
[White "Ezat, Mohamed"]
[Black "Gressmann, Moritz"]
[WhiteFideId "10600906"]
[BlackFideId "24695084"]
[WhiteElo "2402"]
[BlackElo "2129"]
[Result "1-0"]
[Round "08"]
[TimeControl "180+2"]
[Date "2023.01.31"]
[WhiteClock "0:00:33"]
[BlackClock "0:00:07"]

1. d4 Nf6 2. c4 e6 3. Nc3 Bb4 4. e3 Bxc3+ 5. bxc3 d5 6. cxd5 exd5 7. Bd3 O-O 8. f3 b6 9. Ne2 Ba6 10. Bxa6 Nxa6 11. O-O c5 12. Ng3 Nc7 13. e4 Ne6 14. e5 Nd7 15. f4 cxd4 16. f5 Nc7 17. cxd4 Rc8 18. Qg4 f6 19. e6 Nb8 20. Nh5 Ne8 21. Ba3 Qc7 22. Rac1 Qb7 23. Rxc8 Qxc8 24. Rc1 Qa6 25. Bxf8 Kxf8 26. Qf4 Qa3 27. h3 Na6 28. Rc8 Qe7 29. Qh4 Nb4 30. Nf4 Kg8 31. Qh5 g6 32. fxg6 hxg6 33. Qxg6+ Kf8 34. Qh6+ Kg8 35. Nh5 Qxe6 36. Qg7# 1-0


[Site "https://www.chess.com"]

[Event "Titled Tuesday Blitz January 31 Early 2023"]
[White "Santos Flores, Alberto"]
[Black "Battlecruiser_Operational"]
[WhiteFideId "3601234"]
[WhiteElo "2164"]
[BlackElo "2422"]
[Result "0-1"]
[Round "08"]
[TimeControl "180+2"]
[Date "2023.01.31"]
[WhiteClock "0:00:03"]
[BlackClock "0:00:09"]

1. e4 e6 2. d4 d5 3. Nc3 h6 4. Nf3 Nf6 5. e5 Nfd7 6. Ne2 c5 7. c3 Nc6 8. a3 a5 9. Nf4 Be7 10. Bd3 cxd4 11. cxd4 Qb6 12. Bc2 Qa6 13. h4 a4 14. Rh3 Nf8 15. Rg3 g6 16. Bd2 Bd7 17. Bc3 b5 18. Bd3 Qb6 19. Be2 b4 20. axb4 Nxb4 21. Nd3 Nxd3+ 22. Bxd3 Bb5 23. h5 g5 24. Nh2 Nd7 25. Ng4 Kf8 26. Rf3 Kg7 27. Rg3 Rhc8 28. f4 a3 29. fxg5 Bxg5 30. Nxh6 Kxh6 31. Bd2 axb2 32. Bxg5+ Kg7 33. Be7+ Kh8 34. Rb1 Bxd3 35. Qxd3 Rc1+ 36. Ke2 Rxb1 37. Qd2 Qb5+ 38. Kf3 Qf1+ 39. Kg4 Qf5+ 40. Kh4 Rh1+ 41. Rh3 Rxh3+ 42. gxh3 Qe4+ 43. Kg3 Rg8+ 44. Kh2 Rg2+ 45. Kh1 Rxd2+ 0-1


[Site "https://www.chess.com"]

[Event "Titled Tuesday Blitz January 31 Early 2023"]
[White "Tomaszewski, Kacper"]
[Black "Sowul, Bartosz"]
[WhiteFideId "1127373"]
[BlackFideId "1137590"]
[WhiteElo "2313"]
[BlackElo "2269"]
[Result "1-0"]
[Round "08"]
[TimeControl "180+2"]
[Date "2023.01.31"]
[WhiteClock "0:00:15"]
[BlackClock "0:00:36"]

1. c4 Nf6 2. Nf3 g6 3. d4 c5 4. dxc5 Na6 5. g3 Nxc5 6. Bg2 Bg7 7. O-O O-O 8. Nc3 d6 9. Be3 Nce4 10. Nxe4 Nxe4 11. Bd4 Nf6 12. Bc3 Be6 13. b3 d5 14. cxd5 Qxd5 15. Rc1 Rad8 16. Nd4 Qh5 17. Qc2 Ng4 18. Nf3 Bh6 19. Rcd1 Bd5 20. e4 Bc6 21. h3 Nf6 22. Bxf6 exf6 23. Nd4 Bd7 24. Kh2 Rfe8 25. f4 Bf8 26. Ne2 Bg4 27. Rxd8 Rxd8 28. Nc3 Bc5 29. Nd5 Bd4 30. Qd2 Rxd5 31. exd5 Bc5 32. d6 Bd7 33. b4 Bb6 34. Qd5 Qe2 35. Qf3 Qxa2 36. Qxb7 Bb5 37. Re1 Qf2 38. Qe4 Bc6 39. Qe2 Bxg2 40. Qxf2 Bxf2 41. Re8+ Kg7 42. Kxg2 Bb6 43. d7 f5 44. d8=Q Bxd8 45. Rxd8 Kf6 46. Ra8 Ke6 47. Rxa7 Kd6 48. b5 Kc5 49. Rxf7 Kxb5 50. Rxh7 Kc4 51. Rg7 Kd3 52. Rxg6 Ke4 53. Re6+ Kd4 54. Re5 Kd3 55. Rxf5 1-0


[Site "https://www.chess.com"]

[Event "Titled Tuesday Blitz January 31 Early 2023"]
[White "Vestby-Ellingsen, Mads"]
[Black "Estrada Nieto, Julian"]
[WhiteFideId "1520857"]
[BlackFideId "5101018"]
[WhiteElo "2387"]
[BlackElo "2215"]
[Result "1-0"]
[Round "08"]
[TimeControl "180+2"]
[Date "2023.01.31"]
[WhiteClock "0:00:26"]
[BlackClock "0:00:37"]

1. Nh3 d5 2. g3 Nf6 3. Bg2 c6 4. O-O Bxh3 5. Bxh3 e5 6. d4 Bd6 7. dxe5 Bxe5 8. Nd2 O-O 9. Bg2 Nbd7 10. e4 dxe4 11. Nxe4 Nxe4 12. Bxe4 Nf6 13. Bf3 Qb6 14. c3 Rad8 15. Qb3 Qxb3 16. axb3 a6 17. Be3 Nd5 18. Bc5 Bd6 19. Ba7 Rfe8 20. Rfd1 Bc7 21. Bc5 f5 22. Rd2 Nf6 23. Rad1 Rxd2 24. Rxd2 Kf7 25. Be3 Rd8 26. Rxd8 Bxd8 27. Kf1 Ke6 28. Ke2 Nd5 29. Bd2 Bb6 30. c4 Nf6 31. b4 Bd4 32. b3 Ne4 33. Be1 g5 34. g4 Ke5 35. gxf5 Kxf5 36. Kd3 Nxf2+ 37. Kxd4 Nh3 38. Be4+ Kf4 39. Bg3+ Kg4 40. Bxh7 Ng1 41. Bg8 Ne2+ 42. Kc5 Nxg3 43. hxg3 Kxg3 44. Kb6 Kf3 45. Be6 g4 46. Bxg4+ Kxg4 47. Kxb7 1-0


[Site "https://www.chess.com"]

[Event "Titled Tuesday Blitz January 31 Early 2023"]
[White "Andreev, Konstantin"]
[Black "Rangel, Daniel"]
[WhiteFideId "24239305"]
[BlackFideId "2124475"]
[WhiteElo "2195"]
[BlackElo "2207"]
[Result "1-0"]
[Round "08"]
[TimeControl "180+2"]
[Date "2023.01.31"]
[WhiteClock "0:00:25"]
[BlackClock "0:00:06"]

1. e4 c5 2. Nf3 g6 3. d4 cxd4 4. Nxd4 Bg7 5. Nc3 Nc6 6. Be3 Nf6 7. Bc4 O-O 8. Bb3 Re8 9. f3 e6 10. f4 d6 11. Qd2 a6 12. O-O-O d5 13. e5 Nxd4 14. Bxd4 Ne4 15. Nxe4 dxe4 16. Qe3 Qc7 17. Ba4 b5 18. Bb3 Bb7 19. h4 a5 20. a3 Rec8 21. Rd2 a4 22. Ba2 b4 23. axb4 a3 24. bxa3 Bf8 25. Kb2 Bd5 26. c4 Bxb4 27. axb4 Rxa2+ 28. Kxa2 Qxc4+ 29. Kb1 Qxb4+ 30. Rb2 Qa4 31. Rc1 Ra8 32. Rc3 Ba2+ 33. Kc1 Bd5 34. Rbc2 Kg7 35. h5 Qa1+ 36. Kd2 Qf1 37. h6+ Kxh6 38. f5+ Kh5 39. Qh3+ Kg5 40. Be3+ 1-0


[Site "https://www.chess.com"]

[Event "Titled Tuesday Blitz January 31 Early 2023"]
[White "Bochnicka, Vladimir"]
[Black "Golubev, Mikhail"]
[WhiteFideId "14943450"]
[BlackFideId "14100983"]
[WhiteElo "2327"]
[BlackElo "2461"]
[Result "1-0"]
[Round "08"]
[TimeControl "180+2"]
[Date "2023.01.31"]
[WhiteClock "0:00:16"]
[BlackClock "0:00:02"]

1. e4 c5 2. Nf3 d6 3. d4 cxd4 4. Nxd4 Nf6 5. Nc3 g6 6. f3 Bg7 7. Be3 O-O 8. Nb3 Nc6 9. Qd2 Be6 10. O-O-O Rc8 11. Bh6 Bxh6 12. Qxh6 Ne5 13. Nd5 Bxd5 14. exd5 Qc7 15. Qd2 Nxd5 16. Kb1 Ne3 17. Rc1 Nxf1 18. Rhxf1 Nc4 19. Qd4 a5 20. f4 a4 21. Nd2 Nxd2+ 22. Qxd2 a3 23. f5 axb2 24. Rce1 Qc4 25. Rf4 Qc3 26. Qxc3 Rxc3 27. Rxe7 b5 28. Kxb2 Rc5 29. fxg6 hxg6 30. Rd7 d5 31. Rd4 Rfc8 32. Rd2 Kg7 33. R7xd5 f5 34. Rxc5 Rxc5 35. Kb3 Kf6 36. Kb4 Re5 37. Rd6+ Kg5 38. g3 Re2 39. Kxb5 Rxc2 40. h4+ Kh5 41. a4 Rc3 42. a5 Rb3+ 43. Ka4 Rxg3 44. a6 Rg1 45. Kb5 Rb1+ 46. Kc6 Ra1 47. Kb7 f4 48. Rf6 Ra4 49. a7 Rb4+ 50. Rb6 Ra4 51. Ra6 Rxa6 52. Kxa6 f3 53. a8=Q f2 54. Qf3+ 1-0


[Site "https://www.chess.com"]

[Event "Titled Tuesday Blitz January 31 Early 2023"]
[White "Przybylski, Wojciech"]
[Black "Ansh M Shah"]
[WhiteFideId "1117599"]
[BlackFideId "25033379"]
[WhiteElo "2321"]
[BlackElo "2171"]
[Result "0-1"]
[Round "08"]
[TimeControl "180+2"]
[Date "2023.01.31"]
[WhiteClock "0:00:05"]
[BlackClock "0:01:12"]

1. e4 c6 2. Nc3 d5 3. Nf3 dxe4 4. Nxe4 Bf5 5. Qe2 Nf6 6. d3 e6 7. Bf4 Be7 8. g3 O-O 9. Bg2 Nbd7 10. O-O Nc5 11. Ne5 Ncxe4 12. dxe4 Bg6 13. Rfd1 Qb6 14. c3 Rad8 15. h3 Rxd1+ 16. Rxd1 Rd8 17. a3 Rxd1+ 18. Qxd1 Qxb2 19. Nxg6 hxg6 20. c4 Qxa3 21. e5 Nh5 22. Qd7 Nxf4 23. gxf4 Qb4 24. Qc8+ Kh7 25. Qe8 Bh4 26. Qxf7 Qxc4 27. f5 Qc1+ 28. Bf1 Qg5+ 29. Bg2 Qxf5 30. Qxb7 Qxf2+ 31. Kh1 Qe1+ 32. Kh2 Bg3# 0-1


[Site "https://www.chess.com"]

[Event "Titled Tuesday Blitz January 31 Early 2023"]
[White "Ljukin, Sergei"]
[Black "Mushini Ajay"]
[WhiteFideId "14102200"]
[BlackFideId "35066188"]
[WhiteElo "2362"]
[BlackElo "2310"]
[Result "0-1"]
[Round "08"]
[TimeControl "180+2"]
[Date "2023.01.31"]
[WhiteClock "0:00:03"]
[BlackClock "0:01:47"]

1. e4 e5 2. Nf3 Nc6 3. Bb5 Nf6 4. Qe2 d6 5. c3 a6 6. Ba4 b5 7. Bb3 Na5 8. Bc2 c5 9. d4 cxd4 10. cxd4 Nc6 11. d5 Ne7 12. O-O Ng6 13. h3 Be7 14. Be3 O-O 15. Nbd2 Nh5 16. Rfc1 Nhf4 17. Qf1 h6 18. a4 Bd7 19. a5 Rc8 20. Bd1 f5 21. Bc2 Rxc2 22. Rxc2 fxe4 23. Nxe4 Bf5 24. Nfd2 Nxd5 25. Qd3 Nxe3 0-1


[Site "https://www.chess.com"]

[Event "Titled Tuesday Blitz January 31 Early 2023"]
[White "Hoffmann, Asa"]
[Black "Kleiman, Jake"]
[WhiteFideId "2001470"]
[BlackFideId "2020041"]
[WhiteElo "2185"]
[BlackElo "2399"]
[Result "0-1"]
[Round "08"]
[TimeControl "180+2"]
[Date "2023.01.31"]
[WhiteClock "0:00:03"]
[BlackClock "0:00:06"]

1. d4 Nf6 2. Bg5 Ne4 3. Bf4 Nc6 4. f3 Nf6 5. e4 d5 6. e5 Nd7 7. Nc3 Nb6 8. a4 a5 9. Nb5 e6 10. c3 Ne7 11. Bd3 Ng6 12. Bg3 Be7 13. Ne2 O-O 14. O-O Bd7 15. f4 Bxb5 16. axb5 f5 17. exf6 Bxf6 18. Qe1 Nc8 19. Kh1 Nd6 20. Ng1 Qc8 21. Nf3 Ne7 22. Ne5 Nef5 23. Bf2 Qe8 24. g4 Ne7 25. Bg3 Nxb5 26. g5 Bxe5 27. Qxe5 Ng6 28. Qe3 Nd6 29. Rae1 Nf5 30. Qf3 c6 31. Qg4 Qd7 32. h4 Nge7 33. Re5 Ng6 34. Re2 Rae8 35. h5 Nge7 36. Bh2 Nc8 37. Rfe1 Ncd6 38. Re5 b5 39. Bg3 Nc4 40. Bxc4 bxc4 41. Bf2 g6 42. h6 Kf7 43. Qd1 Qb7 44. Qa4 Qb5 45. Ra1 Rb8 46. Re2 Qxa4 47. Rxa4 Rb5 48. Kg2 Rfb8 49. Kf3 Nd6 50. Be3 R8b6 51. Bc1 Ke7 52. Re1 Kd7 53. Re2 Kc7 54. Rxe6 Rb7 55. Re7+ Kb6 56. Re6 Rd7 57. Kg4 Nf5 58. Re5 Rf7 59. Re6 Kb7 60. Rf6 Re7 61. Rxf5 gxf5+ 62. Kxf5 Re1 63. Ra1 Rf1 64. g6 hxg6+ 65. Kxg6 Rg1+ 66. Kf7 Ka6 0-1


[Site "https://www.chess.com"]

[Event "Titled Tuesday Blitz January 31 Early 2023"]
[White "Alfaro, William"]
[Black "Llanos, Guillermo"]
[WhiteFideId "6100457"]
[BlackFideId "100358"]
[WhiteElo "2134"]
[BlackElo "2290"]
[Result "0-1"]
[Round "08"]
[TimeControl "180+2"]
[Date "2023.01.31"]
[WhiteClock "0:00:11"]
[BlackClock "0:00:08"]

1. Nf3 Nc6 2. e4 d6 3. Bc4 Nf6 4. Nc3 Bg4 5. h3 Bxf3 6. Qxf3 Ne5 7. Qe2 Nxc4 8. Qxc4 e5 9. d3 c6 10. Bg5 Be7 11. O-O O-O 12. Rae1 Qd7 13. f4 h6 14. Bxf6 Bxf6 15. Ne2 d5 16. Qb3 dxe4 17. dxe4 exf4 18. Nxf4 Qd4+ 19. Kh1 Qxb2 20. Qf3 Qxa2 21. e5 Bh4 22. g3 Bg5 23. Ng2 Qxc2 24. h4 Be7 25. Re4 Rad8 26. Ne3 Qb3 27. Qf4 Rd3 28. Nf5 Bc5 29. Qg4 g6 30. Ref4 Kh7 31. Kg2 Qd5+ 32. Kh3 Rd2 33. R4f3 Qe6 34. Nxh6 Kxh6 35. Qxe6 fxe6 36. Rxf8 Bxf8 37. Rxf8 Rd1 38. Rf7 Rb1 39. g4 Rb3+ 40. Kg2 a5 41. Re7 a4 42. Rxe6 a3 43. h5 a2 44. Rxg6+ Kh7 45. Rf6 a1=Q 46. Rf7+ Kg8 47. Rf2 Qd4 48. e6 Qxg4+ 49. Kf1 Rb1# 0-1


[Site "https://www.chess.com"]

[Event "Titled Tuesday Blitz January 31 Early 2023"]
[White "Kochetov, Andrey"]
[Black "Lobachev, Yury"]
[WhiteFideId "24130532"]
[BlackFideId "24138177"]
[WhiteElo "2165"]
[BlackElo "2345"]
[Result "1-0"]
[Round "08"]
[TimeControl "180+2"]
[Date "2023.01.31"]
[WhiteClock "0:00:05"]
[BlackClock "0:01:06"]

1. e4 c5 2. Nf3 e6 3. d4 cxd4 4. Nxd4 a6 5. c4 Qc7 6. Nc3 Nf6 7. Be2 Bb4 8. Qd3 b5 9. cxb5 Nxe4 10. Qxe4 Bxc3+ 11. bxc3 Qxc3+ 12. Kf1 Qxa1 13. Nb3 d5 14. Qc2 Qf6 15. Qxc8+ Qd8 16. Qb7 Nd7 17. bxa6 O-O 18. Ba3 Re8 19. Bb5 Nf6 20. Bxe8 Nxe8 21. a7 Qc8 22. Qxc8 Rxc8 23. Ke2 Ra8 24. Rc1 h6 25. Bc5 Nc7 26. Bd6 Nb5 27. Bb8 Nxa7 28. Bxa7 Rxa7 29. Ra1 Ra3 30. Kd3 e5 31. Kc3 d4+ 32. Kb4 Ra8 33. a4 f6 34. a5 Kf7 35. a6 Ke6 36. Kc5 Rc8+ 37. Kb6 Kd5 38. a7 e4 39. a8=Q+ Rxa8 40. Rxa8 Kc4 41. Ra4+ Kxb3 42. Rxd4 f5 43. Kc5 Kc3 44. Kd5 g6 45. Ke5 h5 46. Rd6 Kc4 47. Rxg6 f4 48. Kxf4 e3 49. Kxe3 1-0


[Site "https://www.chess.com"]

[Event "Titled Tuesday Blitz January 31 Early 2023"]
[White "Girya, Olga"]
[Black "Mione, Dario"]
[WhiteFideId "4195752"]
[BlackFideId "806625"]
[WhiteElo "2402"]
[BlackElo "2228"]
[Result "1/2-1/2"]
[Round "08"]
[TimeControl "180+2"]
[Date "2023.01.31"]
[WhiteClock "0:00:08"]
[BlackClock "0:00:13"]

1. d4 d5 2. c4 e6 3. Nc3 Nf6 4. cxd5 exd5 5. Bg5 c6 6. Qc2 Be7 7. e3 Bg4 8. Nf3 Nbd7 9. Bd3 Qa5 10. Ne5 Be6 11. O-O h6 12. Nxd7 hxg5 13. Nxf6+ Bxf6 14. e4 Qc7 15. e5 Be7 16. Bf5 Qd7 17. Bd3 Kf8 18. Na4 g6 19. Nc5 Bxc5 20. Qxc5+ Kg7 21. b4 a6 22. a4 Rh4 23. b5 axb5 24. axb5 Rah8 25. bxc6 Rxh2 26. f3 Qxc6 27. Qxc6 bxc6 28. Ra6 Rh1+ 29. Kf2 Rxf1+ 30. Bxf1 Rc8 31. Ra5 Rb8 32. Rc5 Rb4 33. Ke3 Rb3+ 34. Kf2 Rb4 35. Ke3 Rb3+ 36. Kd2 Rb2+ 37. Rc2 Rb4 38. Ke3 Rb3+ 39. Kd2 Rb4 40. Kc3 Ra4 41. Rb2 Ra5 42. Rb6 c5 43. dxc5 Rxc5+ 44. Kd2 Ra5 45. Rc6 Ra2+ 46. Rc2 Rxc2+ 47. Kxc2 f6 48. exf6+ Kxf6 49. Kc3 Ke5 50. Bd3 Kf6 51. Kd4 g4 52. f4 Bf5 53. Be2 Be6 54. g3 g5 55. fxg5+ Kxg5 56. Bf1 Bf7 57. Ke5 Bg8 58. Bg2 Bf7 59. Bf1 Bg8 60. Bb5 Bf7 61. Bd7 Bg8 62. Be8 d4 63. Kxd4 Be6 64. Ke5 Bc8 65. Bc6 Ba6 66. Be4 Bb5 67. Bd5 Ba6 68. Be4 Bb5 69. Bd5 Ba6 70. Be4 1/2-1/2


[Site "https://www.chess.com"]

[Event "Titled Tuesday Blitz January 31 Early 2023"]
[White "Fajdetic, Hrvoje"]
[Black "Guliev, Logman"]
[WhiteFideId "14501945"]
[BlackFideId "13400061"]
[WhiteElo "2151"]
[BlackElo "2250"]
[Result "1-0"]
[Round "08"]
[TimeControl "180+2"]
[Date "2023.01.31"]
[WhiteClock "0:00:04"]
[BlackClock "0:00:01"]

1. d4 d5 2. Bf4 e6 3. e3 Nf6 4. Nf3 Bd6 5. Bg3 c5 6. c3 O-O 7. Bd3 Nc6 8. Nbd2 Re8 9. Ne5 Bxe5 10. dxe5 Nd7 11. Nf3 Nf8 12. h4 a5 13. Ng5 g6 14. Bf4 h5 15. g4 d4 16. gxh5 dxe3 17. fxe3 c4 18. hxg6 fxg6 19. Bxc4 Qxd1+ 20. Rxd1 Ne7 21. Rd6 Nf5 22. Rb6 Ng7 23. Ne4 Re7 24. Nf6+ Kf7 25. Be2 Bd7 26. h5 Bc6 27. hxg6+ Nxg6 28. Rh7 Rh8 29. Rxh8 Nxh8 30. b4 axb4 31. cxb4 Ng6 32. b5 Bh1 33. Kf2 Rc7 34. Bf3 Rc2+ 35. Kg3 Nf5+ 36. Kg4 Bxf3+ 37. Kxf3 Ngh4+ 38. Kg4 Rg2+ 39. Kh3 Rg1 40. Rxb7+ Kg6 41. Kh2 Nf3+ 42. Kh3 N5h4 43. Ng4 Rh1+ 44. Nh2 Rg1 45. Re7 Kf5 46. Rf7+ Ke4 47. Rh7 1-0


[Site "https://www.chess.com"]